 Dungeon Crawl Stone Soup version 0.25.0-9-g26727b657a (webtiles) character file.

Game seed: 762663247831701632

73 Arthanis the Skirmisher (level 4, 0/29 HPs)
             Began as a Gargoyle Berserker on June 20, 2020.
             Was a Believer of Trog.
             Killed from afar by Sigmund (4 damage)
             ... with a magic dart
             ... on level 2 of the Dungeon.
             The game lasted 00:01:29 (1416 turns).

Arthanis the Skirmisher (Gargoyle Berserker)        Turns: 1416, Time: 00:01:30

Health: 0/29       AC: 12    Str: 21    XL:     4   Next: 27%
Magic:  4/4        EV:  8    Int:  8    God:    Trog [**....]
Gold:   46         SH:  0    Dex:  9    Spells: 3/3 levels left

rFire    . . .     SeeInvis .   a - +0 hand axe
rCold    . . .     Gourm    .   (no shield)
rNeg     + . .     Faith    .   l - +0 chain mail
rPois    ∞         Spirit   .   (no helmet)
rElec    +         Reflect  .   (no cloak)
rCorr    .         Harm     .   (no gloves)
MR       .....                  (no boots)
Stlth    ..........             (no amulet)
HPRegen  0.09/turn              j - ring of poison resistance
MPRegen  0.09/turn              (no ring)

@: berserk cooldown, slowed, very slow
A: negative energy resistance 1, electricity resistance, unbreathing,
petrification resistance, rot immunity, AC +3
a: Berserk, Trog's Hand, Renounce Religion


You were on level 2 of the Dungeon.
You worshipped Trog.
Trog was pleased with you.
You were very hungry.

You visited 1 branch of the dungeon, and saw 2 of its levels.

You collected 46 gold pieces.

Inventory:

Hand Weapons
 a - a +0 hand axe (weapon)
 h - a +0 spear
Armour
 b - a +0 animal skin
 l - a +0 chain mail (worn)
Jewellery
 j - a ring of poison resistance (left hand)
Wands
 m - a wand of iceblast (13)
Scrolls
 e - 2 scrolls of blinking {unknown}
 f - a scroll of noise {unknown}
 g - 3 scrolls of identify {unknown}
Potions
 d - a potion of might {unknown}
 i - a potion of flight {unknown}
 k - 2 potions of ambrosia {unknown}
Comestibles
 c - 2 rations


   Skills:
 + Level 3.8 Fighting
 * Level 3.5 Axes
 + Level 2.9 Armour
 - Level 2.1 Dodging


You had 3 spell levels left.
You didn't know any spells.
Your spell library was empty.

Dungeon Overview and Level Annotations

Branches:
Dungeon (2/15)

Altars:

Annotations:
D:2 Sigmund


Innate Abilities, Weirdness & Mutations

You are resistant to torment.
Your stone body is resilient. (AC +3)
You are immune to poison.
You resist negative energy. (rN+)
You are resistant to electric shocks. (rElec)
You can survive without breathing.
You are immune to petrification.
You are immune to rotting.


Message History

Your chain mail prevents you from hitting something.
You hear some strange, mumbled words.
A puff of flame appears from out of thin air!
The puff of flame hits you.
* * * LOW HITPOINT WARNING * * *
You completely miss something. Something hits you.
* * * LOW HITPOINT WARNING * * *
You barely miss something. You closely miss something.
Something hits you but does no damage.
You barely miss something.
You are no longer berserk.
You are exhausted.
You feel yourself slow down.
You hear some strange, mumbled words.
Something tries to affect you, but you resist.
You see here 11 gold pieces.
You fail to use your ability.
Something hits you but does no damage.
A magic dart appears from out of thin air!
The magic dart hits you.
You die...

........#
#############
........#########
......<.#.......#
.......(#.......#
........#<......#
..........##.####
##+##....)##{#
#############
#.....##$#
#........<...
########@#
#...........# #.#
#...........# #.#
#........)..# #.#
#...........# #.#
#...........# #.#
############# #.)
#..


There were no monsters in sight!

Vanquished Creatures
  Terence (D:2)
  A gnoll (D:1)
  2 oozes
  2 dart slugs (D:1)
  A leopard gecko (D:1)
  4 hobgoblins
  4 kobolds
  A bat (D:1)
  4 goblins
  7 rats (D:1)
27 creatures vanquished.

Notes
Turn   | Place    | Note
-------+----------+-------------------------------------------
     0 | D:1      | Arthanis the Gargoyle Berserker began the quest for the
                  | Orb.
     0 | D:1      | Reached XP level 1. HP: 14/14 MP: 1/1
   142 | D:1      | Reached XP level 2. HP: 18/19 MP: 2/2
   400 | D:1      | Reached XP level 3. HP: 19/23 MP: 3/3
  1077 | D:2      | Noticed Terence
  1090 | D:2      | Killed Terence
  1090 | D:2      | Reached ** piety under Trog
  1090 | D:2      | Reached XP level 4. HP: 26/29 MP: 4/4
  1388 | D:2      | Noticed Sigmund
  1416 | D:2      | Killed from afar by Sigmund

Illustrated notes

Levels and vault maps discovered:
D:1:      lemuel_arrival_hallway, layout_basic
D:2:      layout_basic, first_ration, uniq_terence, uniq_sigmund

Skill      XL: |  1  2  3 |
---------------+----------+-----
Axes           | 3 |  3.5
Dodging        | 2 |  2.1
Fighting       | |  3.8
Armour         | |  2.9

Action                   |  1- 3 |  4- 6 || total
-------------------------+-------+-------++-------
Melee: Hand axe          |    72 |    37 ||   109
Invok: Berserk           |     1 |     1 ||     2
  Eat: Chunk             |     1 |     1 ||     2
Armor: Animal skin       |    16 |       ||    16
       Chain mail        |       |    17 ||    17
Dodge: Dodged            |    38 |    11 ||    49
